 Dungeon Crawl Stone Soup version 0.31-a0-818-ge7c7cf74f0 (webtiles) character file.

Game seed: 1471897420662364374

118622 Conn the Scribe (level 16, -7/121 HPs)
             Began as an Octopode Fire Elementalist on Sept 23, 2023.
             Was a Priest of Sif Muna.
             Hit by a boomerang thrown by a merfolk (17 damage)
             ... on level 3 of the Shoals.
             The game lasted 02:05:49 (35516 turns).

Conn the Scribe (Octopode Fire Elementalist)       Turns: 35516, Time: 02:05:49

Health: -7/121     AC:  5    Str:  8    XL:     16   Next: 77%
Magic:  11/41      EV: 23    Int: 29    God:    Sif Muna [***...]
Gold:   1788       SH:  5    Dex: 14    Spells: 0/39 levels left

rFire   + . .        g - staff of conjuration
rCold   + + .        (no shield)
rNeg    + . .        (helmet restricted)
rPois   +            h - amulet of reflection
rElec   .            U - ring of resist corrosion
rCorr   +            o - ring of magical power
SInv    .            c - ring of positive energy
Will    +....        t - ring of protection from fire
Stlth   ++++         F - ring "Unet Niosi" {rPois AC+4 Int+6}
HPRegen 0.40/turn    B - ring of protection from cold
MPRegen 0.27/turn    C - +5 ring of evasion
                     H - ring of protection from cold

%: reflection
@: very slightly contaminated, invisible
A: almost no armour, amphibious, 8 rings, camouflage 1, gelatinous body 1,
(nimble swimmer 1), tentacles, tentacle spike 1, robust 2
a: Renounce Religion, Channel Magic, Forget Spell


You were on level 3 of the Shoals.
You worshipped Sif Muna.
Sif Muna was most pleased with you.
You visited 5 branches of the dungeon, and saw 23 of its levels.
You also visited: Bailey and Ice Cave.

You collected 2580 gold pieces.
You spent 792 gold pieces at shops.

Inventory:

Hand Weapons
 b - a +3 dagger of speed
 r - the +9 falchion "Ceycrype" {antimagic, *Rage Fly Will+ Int+6}
   (You found it on level 7 of the Dungeon)

   Int+6:     It affects your intelligence (+6).
   Will+:     It increases your willpower.
   Fly:       It grants you flight.
   *Rage:     It berserks you when you make melee attacks (+20% chance).
 V - the +5 orcbow of Ru, Hugging {flame, *Corrode rF+ rN+ SInv}
   (You took it off a merfolk siren on level 1 of the Shoals)

   rF+:       It protects you from fire.
   rN+:       It protects you from negative energy.
   SInv:      It lets you see invisible.
   *Corrode:  It may corrode you when you take damage.
Missiles
 s - 9 throwing nets
 N - 8 curare-tipped darts
Magical Staves
 g - a staff of conjuration (weapon)
 J - a staff of poison
Jewellery
 c - a ring of positive energy (on tentacle)
 h - an amulet of reflection (around mantle)
 m - a ring of flight
 o - a ring of magical power (right tentacle)
 t - a ring of protection from fire (on tentacle)
 y - a +4 ring of slaying
 B - a ring of protection from cold (on tentacle)
 C - a +5 ring of evasion (on tentacle)
 E - an amulet of guardian spirit
 F - the ring "Unet Niosi" (on tentacle) {rPois AC+4 Int+6}
   (You acquired it on level 2 of the Shoals)

   [ring of protection]

   AC+4:      It affects your AC (+4).
   Int+6:     It affects your intelligence (+6).
   rPois:     It protects you from poison
 H - a ring of protection from cold (on tentacle)
 M - a ring of ice
 U - a ring of resist corrosion (left tentacle)
Wands
 x - a wand of mindburst (8)
 A - a wand of flame (10)
 Q - a wand of digging (4)
 S - a wand of acid (8)
 T - a wand of iceblast (3)
Scrolls
 d - 3 scrolls of revelation
 e - 5 scrolls of vulnerability
 f - 5 scrolls of enchant armour
 l - 2 scrolls of fog
 n - a scroll of fear
 u - 5 scrolls of teleportation
 v - a scroll of noise
 K - a scroll of amnesia
 O - a scroll of silence
 R - 7 scrolls of identify
Potions
 a - 2 potions of cancellation
 i - 12 potions of curing
 j - 2 potions of attraction
 k - 2 potions of magic
 p - 4 potions of brilliance
 q - a potion of lignification
 w - a potion of invisibility
 z - 3 potions of might
 D - 2 potions of resistance
 I - a potion of enlightenment
 L - 2 potions of mutation
 P - a potion of ambrosia
Miscellaneous
 G - a tin of tremorstones (2/2)


   Skills:
 - Level 6.4 Fighting
 + Level 11.2 Dodging
 - Level 5.0 Stealth
 * Level 12.0 Spellcasting
 * Level 13.4 Conjurations
 - Level 3.0 Hexes
 - Level 5.0 Summonings
 - Level 3.0 Transmutations
 + Level 11.2 Fire Magic
 - Level 5.3 Ice Magic
 + Level 7.2 Air Magic
 * Level 13.8 Invocations


You couldn't memorise any spells.
You knew the following spells:

 Your Spells              Type           Power      Damage    Failure   Level
a - Foxfire               Conj/Fire      100%       2x1d9     1%          1
b - Scorch                Fire           100%       2d9       1%          2
c - Inner Flame           Hex/Fire       56%        N/A       1%          3
d - Flame Wave            Conj/Fire      93%        2d20      1%          4
e - Hailstorm             Conj/Ice       82%        3d17      1%          3
f - Irradiate             Conj/Tmut      39%        3d24      3%          5
g - Swiftness             Air            56%        N/A       1%          3
h - Summon Guardian Gole  Hex/Summ       40%        N/A       1%          3
i - Fireball              Conj/Fire      46%        3d18      1%          5
j - Mephitic Cloud        Conj/Pois/Air  72%        N/A       1%          3
k - Ozocubu's Armour      Ice            48%        N/A       1%          3
l - Iskenderun's Mystic   Conj/Tloc      71%        2d14      1%          4

Your spell library contained the following spells:

 Spells                   Type           Power      Damage    Failure   Level
 Freeze                   Ice            100%       1d10      1%          1
 Kiss of Death            Conj/Necr      100%       2d13      1%          1
 Shock                    Conj/Air       100%       1d9       1%          1
 Slow                     Hex            100%       N/A       1%          1
 Summon Small Mammal      Summ           100%       N/A       1%          1
 Call Imp                 Summ           92%        N/A       1%          2
 Cigotuvi's Dreadful Rot  Necr/Pois/Air  62%        N/A       1%          2
 Ensorcelled Hibernation  Hex/Ice        82%        N/A       1%          2
 Jinxbite                 Hex            68%        N/A       1%          2
 Poisonous Vapours        Pois/Air       76%        N/A       1%          2
 Searing Ray              Conj           100%       2d8       1%          2
 Static Discharge         Conj/Air       100%       2-7/arc   1%          2
 Call Canine Familiar     Summ           46%        N/A       1%          3
 Frozen Ramparts          Ice            96%        1d15      1%          3
 Volatile Blastmotes      Fire/Tloc      100%       2d18      1%          3
 Airstrike                Air            28%        2d(4-20)  1%          4
 Fulminant Prism          Conj/Hex       39%        3d17      1%          4
 Sticky Flame             Conj/Fire      93%        2d10      1%          4
 Arcjolt                  Conj/Air       43%        1d53      1%          5
 Passwall                 Tmut/Erth      21%        N/A       2%          2
 Confusing Touch          Hex            34%        N/A       2%          3
 Sigil of Binding         Hex            34%        N/A       2%          3
 Summon Lightning Spire   Summ/Air       52%        N/A       2%          4
 Freezing Cloud           Conj/Ice/Air   40%        6-21      2%          5
 Summon Ice Beast         Ice/Summ       47%        N/A       3%          4
 Vhi's Electric Charge    Tloc/Air       76%        N/A       7%          4
 Gell's Gravitas          Tloc           17%        N/A       9%          3
 Teleport Other           Tloc           17%        N/A       9%          3
 Vampiric Draining        Necr           17%        2d7       9%          3
 Cause Fear               Hex            17%        N/A       9%          4
 Plasma Beam              Fire/Air       31%        2x1d44    11%         6
 Orb of Destruction       Conj           48%        9d13      11%         7
 Anguish                  Hex/Necr       13%        N/A       16%         4
 Yara's Violent Unravell  Hex/Tmut       17%        3d8       24%         5
 Dispel Undead            Necr           17%        3d10      30%         4
 Summon Forest            Summ/Tloc      15%        N/A       30%         5
 Spellforged Servitor     Conj/Summ      41%        N/A       52%         7
 Simulacrum               Ice/Necr       16%        N/A       83%         6
 Eringya's Noxious Bog    Tmut/Pois      13%        4d6       94%         6
 Ozocubu's Refrigeration  Ice            24%        4d12      96%         7
 Summon Hydra             Summ           23%        N/A       97%         7
 Death Channel            Necr           8%         N/A       99%         6
 Dispersal                Tloc           8%         N/A       99%         6
 Enfeeble                 Hex            17%        N/A       100%        7
 Lehudib's Crystal Spear  Conj/Erth      35%        10d9      100%        8
 Maxwell's Capacitive Co  Air            28%        ∞         100%        8
 Summon Horrible Things   Summ           23%        N/A       100%        8
 Chain Lightning          Conj/Air       43%        3d57      100%        9
 Dragon's Call            Summ           23%        N/A       100%        9


Dungeon Overview and Level Annotations

Branches:
Dungeon (12/15)            Temple (1/1) D:7            Lair (5/5) D:8
 Shoals (3/4) Lair:2        Snake (0/4) Lair:2        Slime (0/5) Lair:5
    Orc (2/2) D:12            Elf (0/3) Orc:2        Bailey (visited)
  IceCv (visited)

Altars:
Ashenzari
Cheibriados
Dithmenos
Elyvilon
Fedhas
Gozag
Hepliaklqana
Kikubaaqudgha
Makhleb
Nemelex Xobeh
Okawaru
Qazlal
Ru
Sif Muna
Trog
Uskayaw
Vehumet
Wu Jian
Xom
Yredelemnul
Zin
The Shining One
Jiyva

Shops:
D:1 :   D:6 !   D:10 :[!?=   D:11 (   Orc:2 :(([

Annotations:
Shoals:3 kuniqs's ghost, adept VSBe


Innate Abilities, Weirdness & Mutations

You cannot wear most types of armour.
You are amphibious.
You can wear up to eight rings at the same time.
Your skin changes colour to match your surroundings (Stealth+).
Your rubbery body absorbs attacks. (AC +1, EV +1)
((You are camouflaged when in or above water. (Stealth+)))
You have tentacles for arms and can constrict up to eight enemies at once.
One of your tentacles bears a spike.
You are very robust. (+20% HP)


Message History

Lightning arcs from your tentacles!
The bolt of lightning hits Nikola!!!!
You kill Nikola!
Sif Muna accepts your kill. The bolt of lightning hits you!
* * * LOW HITPOINT WARNING * * *
The bolt of lightning hits the merfolk!!!
You kill the merfolk!
Sif Muna accepts your kill.
The bolt of lightning hits the merfolk avatar!!!!
You kill the merfolk avatar!
Sif Muna accepts your kill.
The bolt of lightning hits the merfolk siren!!!!
You break out of your daze!
You kill the merfolk siren!
Sif Muna accepts your kill.
The bolt of lightning hits the water elemental!!
The water elemental resists.
The water elemental is severely damaged.
The bolt of lightning hits the merfolk!
The merfolk is lightly wounded.
You can no longer call upon Sif Muna to cast any spell from your library.
You hear a shout!
A faun comes into view. It is wielding a +0 spear.
A merfolk comes into view. It is wielding a +0 trident.
Okay, then.
Unknown command.
Press: ? - help, v - describe, . - travel
Here: a water elemental (severely damaged)
The floor.
Press: ? - help, v - describe, . - travel
Here: a merfolk, wielding a +0 trident and quivering boomerangs (lightly wounded)
The floor.
Unknown command.
Unknown command.
Your icy armour cracks and falls away as you move.
A skyshark comes into view.
You see here a merfolk corpse.
You fade into invisibility!
The merfolk throws a boomerang.
The boomerang hits you!
You die...

~~≈≈~.....~~≈≈≈≈≈≈
≈≈≈~...)....~≈≈≈≈≈≈
≈≈≈..........~~≈≈≈≈
≈≈...........~~~≈≈≈
~~..○..E.)....~~≈≈≈
................~~~
#....°m.)..............
.....m.................
......###..@...........
....c##⌠##......>[.....
....##..W##............
...##..?..##...........
.c#⌠.?♣!.⌠#l...P....~.
c##.....##...<.......
.##...##........P...
##.##....P.P~~....
#c....P.P~~~PP.


You could see a skyshark (unable to see you), a satyr (wandering, unable to see
you), 2 merfolk, a water elemental (unable to see you) and kuniqs's ghost
(unable to see you).

Vanquished Creatures
  Nikola (Shoals:3)
  Ilsuiw (Shoals:2)
  A frost giant (IceCv)
  2 merfolk javelineers (Shoals:2)
  2 merfolk impalers (Shoals:2)
  Josephine (D:11)
  5 entropy weavers (Lair:4)
  Erica (Lair:1)
  4 hydras
  5 two-headed ogres
  2 centaur warriors (Shoals:1)
  2 ghost crabs (Lair:4)
  3 merfolk avatars
  A boulder beetle (D:11)
  13 death yaks
  Sonja (Lair:2)
  6 fire crabs (Lair:4)
  3 skysharks
  Nergalle (D:11)
  6 sea snakes
  16 harpies
  Pikel (D:5)
  An oklob plant (Lair:5)
  5 orc sorcerers
  An orc knight (Orc:1)
  5 fauns
  7 cyclopes
  9 elephants
  9 manticores
  An ugly thing (IceCv)
  3 water nymphs
  An ice statue (IceCv)
  3 black mambas
  8 merfolk sirens
  A gargoyle (D:11)
  Joseph (D:10)
  An apocalypse crab (Lair:4)
  18 cane toads
  An unseen horror (D:12)
  12 rime drakes
  5 kobold demonologists
  7 komodo dragons
  A wind drake (Lair:5)
  10 polar bears
  19 merfolk
  6 trolls
  3 hornets
  8 snapping turtles
  15 blink frogs
  2 dream sheep (Shoals:2)
  A shadow (D:12)
  6 wyverns
  4 basilisks
  A vampire (D:12)
  2 steam dragons
  4 water elementals
  8 wraiths
  55 yaks
  Grum (D:11)
  3 vampire mosquitoes (D:11)
  3 wargs
  6 nagas (Lair:2)
  38 orc warriors
  14 water moccasins
  3 black bears
  An ice beast (D:6)
  3 ogres
  A sky beast (D:6)
  10 centaurs
  38 wolves
  3 kobold brigands (D:12)
  A phantom (D:4)
  A cane toad simulacrum (Orc:2)
  16 bullfrogs
  7 gnoll sergeants
  3 scorpions
  3 two-headed ogre simulacra (Orc:2)
  11 wights
  3 killer bees (D:7)
  4 electric eels
  7 howler monkeys
  18 orc priests
  A jelly (D:6)
  10 hounds
  4 iguanas
  2 sleepcaps
  7 gnoll boudas (Bailey)
  27 orc wizards
  A spriggan simulacrum (Orc:2)
  2 wolf simulacra (Orc:2)
  25 gnolls
  A naga simulacrum (Orc:2)
  3 adders
  3 shadow imps
  2 ufetubi
  A worm (D:2)
  8 dart slugs
  122 orcs
  6 ball pythons
  11 endoplasms
  7 giant cockroaches
  17 goblins
  6 hobgoblins
  3 jackals (D:2)
  14 kobolds
  3 quokkas
  2 bats (D:2)
  4 frilled lizards
  4 rats
816 creatures vanquished.

Vanquished Creatures (collateral kills)
  An orc (Orc:1)
  11 foxfires
12 creatures vanquished.

Vanquished Creatures (others)
  An orc warlord (Orc:2)
  A ghost crab (Lair:4)
  A boulder beetle (D:12)
  2 orc knights (Orc:2)
  2 orc warriors (Orc:2)
  An orc priest (Orc:2)
  2001 foxfires
2009 creatures vanquished.

Grand Total: 2837 creatures vanquished

Notes
Turn   | Place    | Note
-------+----------+-------------------------------------------
     0 | D:1      | Conn the Octopode Fire Elementalist began the quest for the
                  | Orb.
     0 | D:1      | Reached XP level 1. HP: 11/11 MP: 3/3
    57 | D:1      | Reached XP level 2. HP: 17/17 MP: 0/5
   152 | D:1      | Learned a level 2 spell: Scorch
   359 | D:1      | Found Zanok's Vocational Training.
   635 | D:1      | Reached XP level 3. HP: 21/21 MP: 3/6
  1254 | D:2      | Found a faded altar of an unknown god.
  1628 | D:2      | Reached XP level 4. HP: 27/27 MP: 4/7
  1914 | D:2      | Learned a level 3 spell: Inner Flame
  2471 | D:3      | Reached XP level 5. HP: 31/31 MP: 4/9
  3376 | D:4      | Found a hide-covered altar of Uskayaw.
  3423 | D:4      | Reached XP level 6. HP: 36/36 MP: 3/10
  3501 | D:4      | Found a radiant altar of Vehumet.
  3502 | D:4      | Noticed a black bear
  3548 | D:4      | Killed a black bear
  3655 | D:4      | Reached skill level 1 in Fighting
  3729 | D:4      | Learned a level 4 spell: Flame Wave
  3863 | D:4      | Reached skill level 1 in Hexes
  3863 | D:4      | Reached XP level 7. HP: 43/43 MP: 4/11
  3947 | D:4      | Reached skill level 5 in Stealth
  4064 | D:5      | Entered Level 5 of the Dungeon
  4473 | D:5      | Noticed Pikel
  4499 | D:5      | Killed Pikel
  4500 | D:5      | Reached skill level 5 in Fire Magic
  4500 | D:5      | Reached XP level 8. HP: 51/51 MP: 0/14
  4718 | D:5      | Learned a level 3 spell: Hailstorm
  4875 | D:5      | Found a burning altar of Makhleb.
  4982 | D:5      | Found a white marble altar of Elyvilon.
  5635 | D:6      | Noticed a two-headed ogre
  5868 | D:6      | Killed a two-headed ogre
  5869 | D:6      | Reached skill level 5 in Dodging
  5869 | D:6      | Reached XP level 9. HP: 58/58 MP: 16/16
  6026 | D:6      | Reached skill level 5 in Conjurations
  6180 | D:6      | Found an ornate altar of the Wu Jian Council.
  6370 | D:6      | Reached skill level 5 in Spellcasting
  6698 | D:6      | Found Hujus's Distillery.
  7211 | D:7      | Found a sacrificial altar of Ru.
  7287 | D:7      | Found a staircase to the Ecumenical Temple.
  7477 | Temple   | Entered the Ecumenical Temple
  7484 | Temple   | Became a worshipper of Sif Muna the Loreminder
  7529 | D:7      | Noticed a hornet
  7535 | D:7      | Killed a hornet
  7536 | D:7      | Reached XP level 10. HP: 56/65 MP: 17/18
  7570 | D:7      | Found a flagged portal.
  7587 | Bailey   | Entered a bailey
  7593 | Bailey   | Reached skill level 5 in Fighting
  7885 | Bailey   | Reached * piety under Sif Muna
  8079 | Bailey   | Reached skill level 1 in Invocations
  9536 | D:7      | Identified the +9 falchion "Ceycrype" {antimagic, *Rage Fly
                  | Will+ Int+6}
  9789 | D:8      | Found an opulent altar of Gozag.
  9823 | D:8      | Reached ** piety under Sif Muna
 10017 | D:8      | Found a staircase to the Lair.
 10191 | D:8      | Reached XP level 11. HP: 20/72 MP: 13/20
 10403 | D:8      | Noticed a two-headed ogre
 10409 | D:8      | Killed a two-headed ogre
 11144 | D:9      | Reached skill level 5 in Invocations
 11149 | D:9      | Reached skill level 5 in Ice Magic
 12071 | D:10     | Entered Level 10 of the Dungeon
 12071 | D:10     | Found Arol's Book Shop.
 12137 | D:10     | Found Koblida's Distillery.
 12143 | D:10     | Bought a potion of heal wounds for 60 gold pieces
 12164 | D:10     | Found Angexafo's Jewellery Boutique.
 12168 | D:10     | Bought a ring of protection from cold for 300 gold pieces
 12168 | D:10     | Bought a +5 ring of evasion for 432 gold pieces
 12191 | D:10     | Noticed a two-headed ogre
 12198 | D:10     | Killed a two-headed ogre
 12333 | D:10     | Found Pipsaewk's Magic Scroll Boutique.
 12371 | D:10     | Found Aneaxiopn's Antique Armour Shoppe.
 12530 | D:10     | Learned a level 4 spell: Summon Ice Beast
 12558 | D:10     | Noticed Joseph
 13099 | D:10     | Killed Joseph
 13286 | D:11     | Noticed Nergalle
 13296 | D:11     | Killed Nergalle
 13297 | D:11     | Reached skill level 1 in Summonings
 13301 | D:11     | Reached *** piety under Sif Muna
 13447 | D:11     | Noticed Josephine
 13459 | D:11     | Killed Josephine
 13460 | D:11     | Reached XP level 12. HP: 41/80 MP: 2/22
 13792 | D:11     | Found Qeah's Weapon Boutique.
 14100 | D:11     | Noticed Grum
 14112 | D:11     | Killed Grum
 14214 | D:11     | Identified the +3 pair of gloves of the Clean God {Fly
                  | Str+3}
 14275 | D:11     | Noticed a boulder beetle
 14291 | D:11     | Killed a boulder beetle
 15279 | D:12     | Noticed a two-headed ogre
 15288 | D:12     | Killed a two-headed ogre
 15293 | D:12     | Reached **** piety under Sif Muna
 15796 | D:12     | Noticed a two-headed ogre
 15810 | D:12     | Killed a two-headed ogre
 16068 | D:12     | Got a peculiar book
 16085 | D:12     | Learned a level 3 spell: Swiftness
 16091 | D:12     | Learned a level 5 spell: Irradiate
 16415 | D:12     | Found a staircase to the Orcish Mines.
 16504 | D:12     | Learned a level 3 spell: Summon Guardian Golem
 16540 | D:12     | Noticed a boulder beetle
 16583 | D:12     | Killed a boulder beetle
 16894 | Orc:1    | Entered Level 1 of the Orcish Mines
 16911 | Orc:1    | Reached skill level 1 in Transmutations
 17079 | Orc:1    | Reached skill level 1 in Air Magic
 17080 | Orc:1    | Reached XP level 13. HP: 50/84 MP: 3/25
 17761 | Orc:2    | Entered Level 2 of the Orcish Mines
 17761 | Orc:2    | Found a staircase to the Elven Halls.
 17823 | Orc:2    | Reached ***** piety under Sif Muna
 18051 | Orc:2    | Identified Cerim's Quarto of the Missiles (Sif Muna gifted
                  | it to you on level 2 of the Orcish Mines)
 18051 | Orc:2    | Received a gift from Sif Muna
 18059 | Orc:2    | Learned a level 5 spell: Fireball
 18139 | Orc:2    | Found a frozen archway.
 18147 | IceCv    | Entered an ice cave
 18943 | IceCv    | Noticed a frost giant
 18960 | IceCv    | Killed a frost giant
 19167 | IceCv    | Reached skill level 10 in Conjurations
 19739 | Orc:2    | Found Gaigei's Weapon Emporium.
 20032 | Orc:2    | Reached skill level 5 in Summonings
 20198 | Orc:2    | Found Ducifeuw's Book Emporium.
 20330 | Orc:2    | Reached skill level 10 in Invocations
 20960 | Orc:2    | Noticed an orc warlord
 21171 | Orc:2    | Killed an orc warlord
 21172 | Orc:2    | Reached XP level 14. HP: 90/90 MP: 10/27
 21445 | Orc:2    | Found Vipnoafe's Antique Weapon Shop.
 21449 | Orc:2    | Found Jiaref's Antique Armour Boutique.
 21836 | Lair:1   | Entered Level 1 of the Lair of Beasts
 21913 | Lair:1   | Noticed Erica
 21920 | Lair:1   | Killed Erica
 21928 | Lair:1   | Identified Sif Muna's Tome of the Sky and Production (Sif
                  | Muna gifted it to you on level 1 of the Lair of Beasts)
 21928 | Lair:1   | Received a gift from Sif Muna
 21936 | Lair:1   | Learned a level 3 spell: Call Canine Familiar
 22096 | Lair:1   | Found an iron altar of Okawaru.
 22719 | Lair:1   | Gained mutation: You have hidden genetic potential. [potion
                  | of mutation]
 22719 | Lair:1   | Gained mutation: You are robust. (+10% HP) [potion of
                  | mutation]
 23202 | Lair:2   | Noticed Sonja
 23210 | Lair:2   | Killed Sonja
 23425 | Lair:2   | Found a staircase to the Snake Pit.
 23935 | Lair:2   | HP: 2/99 [merfolk/+0 trident (14)]
 24487 | Lair:2   | Found a staircase to the Shoals.
 25876 | Lair:4   | Reached skill level 10 in Spellcasting
 26506 | Lair:4   | Reached skill level 10 in Fire Magic
 27058 | Lair:4   | Found a runed translucent door.
 27070 | Lair:4   | Learned a level 3 spell: Mephitic Cloud
 27077 | Lair:4   | Learned a level 5 spell: Irradiate
 27084 | Lair:4   | Reached skill level 5 in Air Magic
 27135 | Lair:4   | Reached skill level 10 in Dodging
 27142 | Lair:4   | Reached XP level 15. HP: 79/104 MP: 18/29
 28302 | Lair:4   | Gained mutation: You are very robust. (+20% HP) [hidden
                  | potential]
 28656 | Lair:5   | Entered Level 5 of the Lair of Beasts
 29291 | Lair:5   | Identified Sif Muna's Codex of Cooperative Injury (Sif Muna
                  | gifted it to you on level 5 of the Lair of Beasts)
 29291 | Lair:5   | Received a gift from Sif Muna
 29566 | Lair:4   | Learned a level 3 spell: Ozocubu's Armour
 30162 | Lair:5   | Found a viscous altar of Jiyva.
 30164 | Lair:5   | Found a staircase to the Slime Pits.
 30696 | Lair:5   | Identified Ytsusi's Compendium of the Welkin and the Jinx
                  | (Sif Muna gifted it to you on level 5 of the Lair of
                  | Beasts)
 30696 | Lair:5   | Received a gift from Sif Muna
 31624 | Shoals:1 | Entered Level 1 of the Shoals
 31810 | Shoals:1 | Reached XP level 16. HP: 82/121 MP: 15/31
 31962 | Shoals:1 | Identified the +5 orcbow of Ru, Hugging {flame, *Corrode
                  | rF+ rN+ SInv}
 32641 | Shoals:1 | Gained mutation: One of your tentacles bears a spike.
                  | [hidden potential]
 32641 | Shoals:1 | Lost mutation: You have hidden genetic potential. [hidden
                  | potential expressed]
 33600 | Shoals:2 | Noticed Ilsuiw
 34500 | Shoals:2 | Identified a scroll of acquirement
 34501 | Shoals:2 | Acquired the ring "Unet Niosi" {rPois AC+4 Int+6}
 34942 | Shoals:2 | Killed Ilsuiw
 35430 | Shoals:2 | Learned a level 4 spell: Iskenderun's Mystic Blast
 35504 | Shoals:3 | Noticed Nikola
 35511 | Shoals:3 | Noticed kuniqs's ghost (adept VSBe)
 35513 | Shoals:3 | Killed Nikola
 35516 | Shoals:3 | Hit by a boomerang thrown by a merfolk

Illustrated notes

Levels and vault maps discovered:
D:1:      grunt_arrival_crossed_arrows, layout_rooms, nicolae_shop_vocational
D:2:      layout_loops_ring, basic_ecumenical_altar
D:3:      minmay_diamond_boxcup, layout_basic, kennysheep_decorative_pillar,
          chequers_serial_rivers_micro_b
D:4:      layout_basic, mainiacjoe_overflow_boulevard, kennysheep_mini_moat
D:5:      layout_basic, makhleb_grotto_becter, lemuel_coloured_pillars_altar,
          uniq_pikel
D:6:      layout_gridville, nicolae_wu_jian_immortal_techniques, serial_shops,
          nicolae_take_the_stairs, minmay_misc_feat_five, serial_park_tiny_pond
D:7:      layout_loops_cross, mainiacjoe_overflow_brackets,
          minmay_temple_entry_mini_moons, enter_bailey_5
D:8:      minmay_angry_zag, layout_loops_ring, nicolae_gozag_seed_capital,
          erik_lair_island
D:9:      layout_roguey
D:10:     layout_loops_ring, serial_shops, shop, shop, shop,
          nicolae_shop_tiny_glass, nicolae_shop_hallway_stairs, uniq_joseph
D:11:     layout_roguey, hangedman_abyss_or_decor_clamps,
          nicolae_inconvenience_store, uniq_nergalle, uniq_josephine, uniq_grum
D:12:     layout_gridville, david_orc_4, kennysheep_small_square
Temple:   nicolae_temple_superstar
Lair:1:   layout_loops_ring, basic_altar, patterned_corridor, uniq_erica
Lair:2:   layout_gridlike, elwin_shoals_entry_stream,
          minmay_snake_entry_guardpost_medium, serial_bayou_shore_a, uniq_sonja
Lair:3:   layout_regular_city
Lair:4:   gammafunk_mikee_crab_dinner, layout_cellular_growth, minivault_26,
          wad_woods_road_06
Lair:5:   gammafunk_lair_ancient_temple, layout_hall_layers,
          minmay_slime_entry_oklob_enclosed, serial_rivers,
          chequers_serial_rivers_large_a, chequers_serial_rivers_marsh,
          chequers_serial_rivers_small_3, chequers_serial_rivers_marsh,
          chequers_serial_rivers_small_3, grunt_megastairs_2
Shoals:1: layout_shoals, hangedman_shoals_cup_caves
Shoals:2: layout_shoals, uniq_ilsuiw
Shoals:3: layout_shoals, hellmonk_ghost_happy_afterlife, uniq_nikola
Orc:1:    layout_caves
Orc:2:    grunt_orc_community_town_hall, layout_diamond_mine,
          grunt_orc_community_big_house_2, grunt_orc_community_big_house_2,
          grunt_orc_community_house_1, grunt_orc_community_house_1,
          grunt_orc_community_house_3, grunt_orc_community_house_3,
          grunt_orc_community_house_1, portal_ice_cave_entry_ice_simulacra

Skill      XL: |  1  2  3  4  5  6  7  8  9 10 11 12 13 14 15 16 |
---------------+-------------------------------------------------+-----
Stealth        | 3 4 5 |  5.0
Conjurations   | 2 3 4 5 6 7 9 10 11 12 13 | 13.4
Dodging        | 3 4 5 6 7 8 9 10 11 | 11.2
Spellcasting   | 3 4 5 6 7 8 9 10 11 12 | 12.0
Fire Magic     | 4 5 6 7 8 9 10 11 | 11.2
Fighting       | 1 2 3 4 5 6 |  6.4
Hexes          | 1 2 3 |  3.0
Ice Magic      | 2 3 4 5 |  5.3
Invocations    | 4 6 8 10 11 12 13 | 13.8
Summonings     | 1 3 5 |  5.0
Transmutations | 1 3 |  3.0
Air Magic      | 1 3 5 6 7 |  7.2

Action                     |  1- 3 |  4- 6 |  7- 9 | 10-12 | 13-15 | 16-18 || total
---------------------------+-------+-------+-------+-------+-------+-------++-------
  Melee: Dagger            |     3 |       |       |       |       |       ||     3
         Constrict         |     4 |     4 |     5 |     4 |    20 |     2 ||    39
         Staff             |    13 |    14 |    21 |    17 |    64 |     8 ||   137
         Tentacles         |     1 |     3 |     6 |     5 |    15 |     3 ||    33
         Punch             |       |       |     1 |       |     3 |     1 ||     5
         Kick              |       |       |       |       |       |     1 ||     1
   Cast: Foxfire           |    62 |    87 |   114 |   377 |   451 |    45 ||  1136
         Scorch            |     2 |     4 |    34 |   147 |   200 |    13 ||   400
         Inner Flame       |       |     4 |     6 |    37 |    69 |     4 ||   120
         Flame Wave        |       |       |     8 |    60 |   110 |    19 ||   197
         Hailstorm         |       |       |       |     1 |    14 |       ||    15
         Summon Ice Beast  |       |       |       |     5 |    12 |       ||    17
         Summon Guardian G |       |       |       |     4 |    22 |       ||    26
         Swiftness         |       |       |       |     2 |     2 |       ||     4
         Fireball          |       |       |       |       |    38 |    65 ||   103
         Mephitic Cloud    |       |       |       |       |    28 |    25 ||    53
         Irradiate         |       |       |       |       |    10 |     2 ||    12
         Ozocubu's Armour  |       |       |       |       |       |     2 ||     2
         Chain Lightning   |       |       |       |       |       |     2 ||     2
 Invoke: Channel Magic     |       |       |       |       |     9 |     4 ||    13
         Forget Spell      |       |       |       |       |     2 |       ||     2
         Divine Exegesis   |       |       |       |       |       |     2 ||     2
  Evoke: Wand              |       |       |       |     1 |     2 |     1 ||     4
    Use: Scroll            |       |     4 |     4 |     7 |    14 |     3 ||    32
         Potion            |       |     2 |       |     1 |     5 |     4 ||    12
   Stab: Sleeping          |     2 |     3 |       |     1 |     2 |       ||     8
         Confused          |       |       |       |       |     2 |     1 ||     3
 Armour: Skin              |     7 |    22 |    18 |    91 |   192 |    58 ||   388
  Dodge: Dodged            |     8 |    24 |    28 |   143 |   274 |    88 ||   565
  Block: Other             |       |     2 |     7 |    29 |    79 |    18 ||   135
         Reflection        |       |       |       |     4 |     5 |     3 ||    12

Table legend: (Time is in decaauts)
 A = Elapsed time spent in this place.
 B = Non-inter-level travel time spent in this place.
 C = Inter-level travel time spent in this place.
 D = Time resting spent in this place.
 E = Time spent auto-exploring this place.
 F = Levels seen in this place.
 G = Mean time per level.
                   A        B        C        D        E       F      G
               +--------+--------+--------+--------+--------+-----+--------+
         Total |  35535 |  34568 |    967 |   6981 |  19188 |  25 | 1421.4 |
       Dungeon |  15637 |  15175 |    462 |   1454 |  10286 |  12 | 1303.1 |
        Temple |     15 |     15 |      0 |      0 |      0 |   1 |   15.0 |
          Lair |   9886 |   9532 |    354 |   2609 |   4963 |   5 | 1977.2 |
        Shoals |   3773 |   3723 |     50 |    821 |   2002 |   3 | 1257.7 |
  Orcish Mines |   3390 |   3290 |    100 |    800 |   1472 |   2 | 1695.0 |
        Bailey |   1427 |   1427 |      0 |    513 |    205 |   1 | 1427.0 |
      Ice Cave |   1403 |   1403 |      0 |    784 |    260 |   1 | 1403.0 |
               +--------+--------+--------+--------+--------+-----+--------+

Top non-repeatable levels by time:
  Lair:4: 3904 daAuts
Shoals:1: 2576 daAuts
    D:12: 2002 daAuts
   Orc:2: 1996 daAuts
    D:11: 1833 daAuts
  Lair:5: 1793 daAuts
  Lair:1: 1583 daAuts
  Lair:2: 1479 daAuts
     D:6: 1458 daAuts
     D:4: 1431 daAuts
  Bailey: 1427 daAuts
   IceCv: 1403 daAuts
   Orc:1: 1394 daAuts
     D:3: 1279 daAuts
     D:7: 1229 daAuts
